 Dungeon Crawl Stone Soup version 0.25.0-11-g1f837a76a1 (webtiles) character file.

Game seed: 13452843354868651780

2930 MisterFreud the Carver (level 9, -4/75 HPs)
             Began as a Minotaur Fighter on June 27, 2020.
             Was a Follower of Ru.
             Slain by a two-headed ogre
             ... wielding a cursed -3 giant club
              (8 damage)
             ... on level 7 of the Dungeon.
             The game lasted 00:09:29 (7928 turns).

MisterFreud the Carver (Minotaur Fighter)           Turns: 7928, Time: 00:09:30

Health: -4/75      AC:  7    Str: 29    XL:     9   Next: 50%
Magic:  8/8        EV:  8    Int:  6    God:    Ru [*.....]
Gold:   383        SH: 11    Dex: 10    Spells: 8/8 levels left

rFire    . . .     SeeInvis .   a - +0 long sword
rCold    . . .     Gourm    .   c - +0 kite shield
rNeg     . . .     Faith    +   b - +0 scale mail
rPois    .         Spirit   .   (helmet restricted)
rElec    .         Reflect  .   (no cloak)
rCorr    .         Harm     .   (no gloves)
MR       +....                  (no boots)
Stlth    ..........             z - amulet of faith (curse)
HPRegen  0.22/turn              o - ring of protection from magic
MPRegen  0.11/turn              H - +6 ring of strength

@: horrified
A: retaliatory headbutt, horns 2, cowardly
a: Renounce Religion


You were on level 7 of the Dungeon.
You worshipped Ru.
Ru was aware of your devotion.
You were not hungry.

You visited 2 branches of the dungeon, and saw 9 of its levels.
You also visited: Ossuary.

You collected 383 gold pieces.

Inventory:

Hand Weapons
 a - a +0 long sword (weapon)
Missiles
 s - 31 boomerangs (quivered)
 v - 5 datura-tipped darts
Armour
 b - a +0 scale mail (worn)
 c - a +0 kite shield (worn)
Jewellery
 o - a ring of protection from magic (left hand)
 y - an uncursed ring of poison resistance
 z - a cursed amulet of faith (around neck)
 H - a +6 ring of strength (right hand)
 K - an uncursed ring of positive energy {unknown}
Scrolls
 e - 6 scrolls of identify {unknown}
 g - 3 scrolls of teleportation {unknown}
 h - a scroll of magic mapping {unknown}
 i - 2 scrolls of enchant weapon {unknown}
 k - 3 scrolls of remove curse {unknown}
 l - 2 scrolls of enchant armour {unknown}
 m - 3 scrolls of amnesia {unknown}
 n - 2 scrolls of blinking {unknown}
 p - a scroll of fear {unknown}
 w - 2 scrolls of noise {unknown}
 C - a scroll of immolation {unknown}
 J - a scroll of random uselessness {unknown}
 M - a scroll of fog {unknown}
Potions
 d - 2 potions of might
 j - 3 potions of ambrosia {unknown}
 q - 2 potions of brilliance {unknown}
 r - 2 potions of haste {unknown}
 t - a potion of cancellation {unknown}
 u - a potion of heal wounds
 x - 2 potions of stabbing {unknown}
 A - a potion of magic {unknown}
 B - a potion of degeneration {unknown}
 D - 3 potions of mutation {unknown}
 E - 2 potions of lignification {unknown}
 F - 2 potions of curing {unknown}
 G - a potion of flight {unknown}
 I - 2 potions of invisibility {unknown}
Comestibles
 f - 19 rations
 L - 6 chunks of flesh


   Skills:
 - Level 6.0 Fighting
 + Level 13.2 Long Blades
 - Level 6.0 Armour
 - Level 6.0 Shields


You had 8 spell levels left.
You didn't know any spells.
Your spell library contained the following spells:

 Spells                   Type           Power        Failure   Level  Hunger
 Beastly Appendage        Tmut           #.....       97%         1    ##.....
 Sting                    Tmut/Pois      #...         97%         1    ##.....
 Poisonous Vapours        Pois/Air       #.....       99%         2    ###....
 Sticks to Snakes         Tmut           #.......     99%         2    ###....
 Confusing Touch          Hex            #.......     100%        3    ####...
 Gell's Gravitas          Tloc           #.........   100%        3    ####...
 Ignite Poison            Fire/Tmut/Pois #.......     100%        3    ####...
 Mephitic Cloud           Conj/Pois/Air  #.......     100%        3    ####...
 Spider Form              Tmut/Pois      #.........   100%        3    ####...
 Ice Form                 Ice/Tmut       #.......     100%        4    #####..
 Olgreb's Toxic Radiance  Pois           #.......     100%        4    #####..
 Petrify                  Tmut/Erth      #.......     100%        4    #####..
 Blade Hands              Tmut           #.........   100%        5    ######.
 Metabolic Englaciation   Hex/Ice        #.........   100%        5    ######.
 Yara's Violent Unravell  Hex/Tmut       #.........   100%        5    ######.


Dungeon Overview and Level Annotations

Branches:
Dungeon (8/15)             Temple (1/1) D:5         Ossuary (visited)
   Lair: D:8-11

Altars:
Cheibriados
Dithmenos
Fedhas
Gozag
Hepliaklqana
Kikubaaqudgha
Okawaru
Qazlal
Ru
Uskayaw
Vehumet
Wu Jian
Xom
Yredelemnul
The Shining One


Innate Abilities, Weirdness & Mutations

You reflexively headbutt those who attack you in melee.
You have a pair of horns on your head.
Your cowardice makes you less effective in combat with threatening monsters.


Message History

The two-headed ogre hits you with a cursed -3 giant club!
You block the two-headed ogre's attack.
You hit the two-headed ogre but do no damage.
The two-headed ogre is lightly wounded.
The two-headed ogre closely misses you.
The two-headed ogre hits you with a +0 giant spiked club!
You hit the two-headed ogre but do no damage.
The two-headed ogre is lightly wounded.
You slash the two-headed ogre!
The two-headed ogre is moderately wounded.
An electric eel comes into view.
The two-headed ogre hits you with a cursed -3 giant club!!
You block the two-headed ogre's attack.
You slash the two-headed ogre!
Your headbutt misses the two-headed ogre.
The two-headed ogre is moderately wounded.
The two-headed ogre hits you with a cursed -3 giant club!!
* * * LOW HITPOINT WARNING * * *
The two-headed ogre hits you with a +0 giant spiked club!
You die...

...# #.##.#...#.[..#
##.#####.##.#........#
##.#.................#
##............#.###..#
####.####....##.###.##
# #.# #.#.........# #
#)# #.#####..#### ##
#.# #.# #..# .###.#
#.# #.@# ..a..# #.#
#..O♣ .##### #.#
##♣♣Z≈ ## #.# ≈P≈≈ #
#.# ≈♣≈≈♣ # #.# ≈≈ ≈≈
#########.# PP ≈
..........# ≈♣P
###########


You could see a two-headed ogre and a centaur zombie.

Vanquished Creatures
  Prince Ribbit (D:6)
  A wyvern (D:8)
  A wraith (Ossuary)
  An orc warrior (D:7)
  A phantom (D:5)
  5 ogres
  A black bear (D:6)
  A hornet zombie (D:6)
  3 centaurs
  An elf zombie (Ossuary)
  A crocodile (D:8)
  5 bullfrogs
  A water moccasin skeleton (D:7)
  A bullfrog zombie (D:7)
  2 crimson imps
  A centaur zombie (D:7)
  4 hounds
  4 orc priests
  A bullfrog skeleton (D:7)
  5 orc wizards
  6 worker ants
  4 mummies
  8 adders
  7 gnolls
  An ooze (D:4)
  2 worms
  2 dart slugs (D:1)
  A leopard gecko (D:1)
  23 orcs
  5 giant cockroaches
  3 gnoll zombies (Ossuary)
  10 goblins
  6 hobgoblins
  8 jackals
  4 kobolds
  3 quokkas
  3 ball pythons
  10 bats
  2 frilled lizards (D:1)
  2 goblin skeletons (D:4)
  5 goblin zombies
  2 hobgoblin zombies
  6 kobold zombies
  A leopard gecko skeleton (D:4)
  A leopard gecko zombie (D:6)
  An orc skeleton (D:4)
  An orc zombie (D:4)
  8 rats
176 creatures vanquished.

Vanquished Creatures (others)
  An orc wizard (D:6)
  4 plants (D:7)
5 creatures vanquished.

Grand Total: 181 creatures vanquished

Notes
Turn   | Place    | Note
-------+----------+-------------------------------------------
     0 | D:1      | MisterFreud the Minotaur Fighter began the quest for the
                  | Orb.
     0 | D:1      | Reached XP level 1. HP: 19/19 MP: 0/0
   205 | D:1      | Reached skill level 3 in Long Blades
   218 | D:1      | Reached XP level 2. HP: 21/26 MP: 1/1
   398 | D:1      | Reached skill level 4 in Long Blades
   632 | D:1      | Reached XP level 3. HP: 31/31 MP: 2/2
   962 | D:2      | Found an opulent altar of Gozag.
  1114 | D:2      | Reached skill level 5 in Long Blades
  1228 | D:2      | Reached XP level 4. HP: 35/39 MP: 3/3
  1538 | D:2      | Found a radiant altar of Vehumet.
  2171 | D:3      | Found a hazy altar of Hepliaklqana.
  2565 | D:3      | Reached skill level 6 in Long Blades
  3102 | D:4      | Found an iron altar of Okawaru.
  3149 | D:4      | Reached XP level 5. HP: 45/45 MP: 4/4
  3584 | D:4      | Found a glowing golden altar of the Shining One.
  3683 | D:4      | Found a sand-covered staircase.
  3784 | D:4      | Reached skill level 7 in Long Blades
  3949 | D:4      | Reached XP level 6. HP: 44/51 MP: 5/5
  4092 | D:4      | Reached skill level 8 in Long Blades
  4300 | D:5      | Entered Level 5 of the Dungeon
  4311 | D:5      | Found a snail-covered altar of Cheibriados.
  4312 | D:5      | Found a shadowy altar of Dithmenos.
  4322 | D:5      | Found a staircase to the Ecumenical Temple.
  4347 | Temple   | Entered the Ecumenical Temple
  4370 | Temple   | Became a worshipper of Ru the Awakened
  4508 | D:5      | Found a sand-covered staircase.
  4513 | Ossuary  | Entered an ossuary
  4513 | Ossuary  | Noticed a wraith
  4513 | Ossuary  | Noticed a wraith
  4513 | Ossuary  | Noticed a wraith
  4635 | Ossuary  | Reached XP level 7. HP: 54/59 MP: 6/6
  4763 | Ossuary  | Noticed a wraith
  4770 | Ossuary  | Killed a wraith
  5125 | D:5      | Reached skill level 5 in Fighting
  5125 | D:5      | Reached skill level 5 in Armour
  5125 | D:5      | Reached skill level 5 in Shields
  5327 | D:5      | Found an ancient bone altar of Kikubaaqudgha.
  5562 | D:6      | Reached skill level 9 in Long Blades
  5562 | D:6      | Reached XP level 8. HP: 44/69 MP: 7/7
  5563 | D:6      | Gained mutation: Your cowardice makes you less effective in
                  | combat with threatening monsters. [Ru sacrifice]
  5563 | D:6      | Reached * piety under Ru
  5566 | D:6      | Found a blossoming altar of Fedhas.
  5566 | D:6      | Noticed Prince Ribbit
  5596 | D:6      | Killed Prince Ribbit
  6210 | D:6      | Found a shimmering altar of Xom.
  6618 | D:7      | Reached skill level 10 in Long Blades
  6877 | D:7      | Noticed a two-headed ogre
  6896 | D:7      | Reached skill level 11 in Long Blades
  6933 | D:8      | Reached XP level 9. HP: 26/75 MP: 8/8
  7324 | D:8      | Found a blossoming altar of Fedhas.
  7346 | D:8      | Reached skill level 12 in Long Blades
  7665 | D:7      | Reached skill level 13 in Long Blades
  7928 | D:7      | Slain by a two-headed ogre

Illustrated notes

Levels and vault maps discovered:
D:1:      sevenhm_arrival_forest_fort_small_6, layout_loops_ring
D:2:      layout_basic, fiery_altar_vehumet, grunt_decor_mini_mirrors,
          grunt_gozag_statues
D:3:      layout_loops_cross, lemuel_crystal_altar
D:4:      layout_gridville, nicolae_tso_besieged_by_evil,
          okawaru_metal_pillars_3, first_ration, enter_ossuary_1,
          hangedman_feature_mirror
D:5:      layout_cave_pools, lemuel_round_altar,
          gammafunk_temple_overflow_pools, minmay_temple_entry_purple_smoke,
          nicolae_ossuary_entry_giza
D:6:      layout_basic, kennysheep_mini_moat, basic_altar, uniq_prince_ribbit1
D:7:      layout_loops_ring, grunt_ogre_cave, grunt_ministairs_5, st_stairs_14,
          serial_bayou_lake_a
D:8:      layout_loops_cross, lair_entry_dummy, fedhas_altar_3
Temple:   eino_temple_water

Skill      XL: |  1  2  3  4  5  6  7  8  9 |
---------------+----------------------------+-----
Long Blades    | 3 4 5 6 7 8 9 11 13 | 13.2
Fighting       | 4 5 6 |  6.0
Armour         | 4 5 6 |  6.0
Shields        | 4 5 6 |  6.0

Action                   |  1- 3 |  4- 6 |  7- 9 || total
-------------------------+-------+-------+-------++-------
Melee: Long sword        |   100 |   204 |   256 ||   560
       Headbutt          |    14 |    41 |    55 ||   110
Invok: Sacrifice Courage |       |       |     1 ||     1
  Use: Potion            |       |       |     2 ||     2
 Stab: Distracted        |       |       |     2 ||     2
  Eat: Chunk             |     1 |    10 |     8 ||    19
       Ration            |       |       |     1 ||     1
Armor: Scale mail        |    51 |    94 |    63 ||   208
Dodge: Dodged            |    31 |    61 |    56 ||   148
Block: Kite shield       |    57 |   113 |   109 ||   279
       Rpst.: Long sword |     4 |    20 |    20 ||    44
